cohdb
Replays
Latest Replays
All Replays
Popular Replays
Top Player Replays
Match Explorer
How It Works
Community
CoH3 Stats
Reddit
Sign in to upload your games and track your stats! →
Sign in with Steam
Match 43175152
Unlisted
Match 43175152
Overview
Messages
Build Orders
End
Construct Barracks
Selects Special Operations Battlegroup
Selects M29 Weasel Recon Vehicle
M29 Weasel Recon Vehicle
Riflemen Squad
Riflemen Squad
Grenade Package
Engineer Squad
Air Support Center
M1 Mortar Team
Grasshopper Recon Run
P-47 Dive Bomb
P-47 Strafing Run
Construct Motor Pool
M24 Chaffee Light Tank
P-47 Strafing Run
Construct Medical Station
Riflemen Squad
Grasshopper Recon Run
M1918 Browning Automatic Rifles
P-47 Dive Bomb
P-47 Strafing Run
Selects P-47 Anti-Infantry Loiter
.30 cal Machine Gun
M24 Chaffee Light Tank
ok... leeets goooo...
Papi micky
Mr.NooB
NA
MrAdam
大炮一响黄金万两
AquaFerret
kyoung5gi
0
0
Comments
sign in to comment!
No comments posted yet!